 Dungeon Crawl Stone Soup version 0.27-a0-1139-g28e009f8a6 (webtiles) character file.

Game seed: 1744326177889144874

3 flotson the Covert (level 1, -2/23 HPs)
             Began as a Gnoll Delver on May 6, 2021.
             Shot with a stone by a goblin (5 damage)
             ... led by Robin
             ... on level 3 of the Dungeon on May 7, 2021.
             The game lasted 00:01:54 (167 turns).

flotson the Covert (Gnoll Delver)                    Turns: 167, Time: 00:01:56

Health: -2/23      AC:  3    Str: 11    XL:     1   Next: 50%
Magic:  1/1        EV: 13    Int:  9    God:
Gold:   0          SH:  0    Dex: 13    Spells: 0/0 levels left

rFire    . . .     SeeInvis .   a - +0 spear
rCold    . . .     Faith    .   (no shield)
rNeg     . . .     Spirit   .   b - +0 leather armour
rPois    .         Reflect  .   (no helmet)
rElec    .         Harm     .   (no cloak)
rCorr    .         Rampage  .   (no gloves)
Will     .....                  (no boots)
Stlth    ++++......             (no amulet)
HPRegen  0.07/turn              (no ring)
MPRegen  0.07/turn              (no ring)

@: no status effects
A: fangs 1, strong nose, distributed training
a: no special abilities


You were on level 3 of the Dungeon.
You visited 1 branch of the dungeon, and saw 3 of its levels.

Inventory:

Hand Weapons
 a - a +0 spear (weapon)
 k - a +0 flail of protection
Missiles
 e - 7 boomerangs (quivered)
Armour
 b - a +0 leather armour (worn)
Jewellery
 i - a ring of magical power
Wands
 g - a wand of digging (2)
 h - a wand of flame (16)
Scrolls
 c - a scroll of fog
 j - a scroll of identify {unknown}


   Skills:
 + Level 6.4 Fighting
 + Level 0.0 Short Blades
 + Level 0.0 Long Blades
 + Level 0.0 Axes
 + Level 0.0 Maces & Flails
 + Level 4.4 Polearms
 + Level 0.0 Staves
 + Level 0.0 Slings
 + Level 0.0 Bows
 + Level 0.0 Crossbows
 + Level 0.0 Throwing
 + Level 0.0 Armour
 + Level 4.4 Dodging
 + Level 9.5 Stealth
 + Level 0.0 Shields
 + Level 0.0 Unarmed Combat
 + Level 0.0 Spellcasting
 + Level 0.0 Conjurations
 + Level 0.0 Hexes
 + Level 0.0 Summonings
 + Level 0.0 Necromancy
 + Level 0.0 Translocations
 + Level 0.0 Transmutations
 + Level 0.0 Fire Magic
 + Level 0.0 Ice Magic
 + Level 0.0 Air Magic
 + Level 0.0 Earth Magic
 + Level 0.0 Poison Magic
 + Level 0.1 Invocations
 + Level 0.0 Evocations


You couldn't memorise any spells.
You didn't know any spells.
Your spell library was empty.

Dungeon Overview and Level Annotations

Branches:
Dungeon (5/15)
 Temple: D:4-7

Altars:
Hepliaklqana
Makhleb

Annotations:
D:3 Robin


Innate Abilities, Weirdness & Mutations

You have very sharp teeth.
Your uncanny sense of smell can sniff out nearby items.
Your experience applies equally to all skills.


Message History

Found a scroll of fear.
You see here a scroll of fear.
d - a scroll of fear The ball python bites you but does no damage.
The ball python barely misses you.
A rat comes into view.
Your extra speed is starting to run out.
A bat comes into view.
A goblin comes into view. It is wielding a +0 dagger.
The rat bites you.
You feel yourself slow down. 3 goblins and 2 hobgoblins come into view.
The rat completely misses you.
As you read the scroll of fear, it crumbles to dust.
You assume a fearsome visage.
The goblin looks frightened!
The goblin shouts!
The goblin looks frightened!
The goblin shouts!
The hobgoblin looks frightened!
The hobgoblin shouts!
The hobgoblin looks frightened!
The hobgoblin shouts!
The rat looks frightened!
The goblin looks frightened!
The goblin shouts!
The ball python looks frightened!
The bat looks frightened!
The adder looks frightened!
You hear a shout! x2
Robin of the Strong Arm comes into view.
They are wielding a +0 trident.
A goblin comes into view.
It is wielding a +0 dagger. 4 goblins and a hobgoblin come into view.
The goblin shouts! x2; Robin shouts!
The goblin shouts!
You hear a shout! x2
Robin hits you from afar with a +0 trident.
A rat, a goblin and a kobold come into view.
Robin roars a battlecry!
The goblins go into a battle-frenzy!
The goblin hits you with a +0 dagger.
* * * LOW HITPOINT WARNING * * *
The goblin unwields a +0 dagger.
The goblin wields a +0 hunting sling.
The goblin shoots a stone.
The stone hits you.
You die...

≈≈###.#.#####..........#
## #. ####..........#
..###. #.............#
$........##..........#
#..#.## ##..........#
###...g #..##########
.rg..gg###.##
##g.gg....# #gg.g.@####
#.#g#...# #...#.# #g..
.. #... ... .... .?..
##### ..... ......


You could see Robin, 3 hobgoblins, 8 goblins and a rat.

Vanquished Creatures
  An orc (D:4)
  A hobgoblin (D:4)
2 creatures vanquished.

Notes
Turn   | Place    | Note
-------+----------+-------------------------------------------
     0 | D:5      | Reached skill level 9 in Stealth
     0 | D:5      | flotson the Gnoll Delver began the quest for the Orb.
     0 | D:5      | Reached XP level 1. HP: 23/23 MP: 1/1
     0 | D:5      | Upgraded the game from 0.27-a0-1136-g0b992a5a9d to
                  | 0.27-a0-1139-g28e009f8a6
    46 | D:4      | Noticed a jelly
   109 | D:3      | Found a burning altar of Makhleb.
   109 | D:3      | Found a hazy altar of Hepliaklqana.
   164 | D:3      | Noticed Robin
   167 | D:3      | Shot with a stone by a goblin

Illustrated notes

Levels and vault maps discovered:
D:3:      cheibrodos_helix_gallery, layout_rooms, grunt_temple_overflow_open,
          minmay_tree_intersection, uniq_robin
D:4:      layout_loops_cross
D:5:      layout_gridville, minmay_temple_entry_gardened_gates, serial_shops,
          nicolae_shop_stone, grunt_tough_drop

Skill      XL: | |
---------------+-+-----
Stealth        | |  9.5
Fighting       | |  6.4
Polearms       | |  4.4
Dodging        | |  4.4
Invocations    | |  0.1

Action                   || total
-------------------------++-------
Melee: Spear             ||    12
Evoke: Wand              ||     1
  Use: Scroll            ||     3
       Potion            ||     1
 Stab: Sleeping          ||     1
Armor: Leather armour    ||     2
Dodge: Dodged            ||     4

Table legend: (Time is in decaauts)
 A = Elapsed time spent in this place.
 B = Non-inter-level travel time spent in this place.
 C = Inter-level travel time spent in this place.
 D = Time resting spent in this place.
 E = Time spent auto-exploring this place.
 F = Levels seen in this place.
 G = Mean time per level.
                   A        B        C        D        E       F      G
               +--------+--------+--------+--------+--------+-----+--------+
         Total |    146 |    146 |      0 |      0 |     19 |   3 |   48.7 |
       Dungeon |    146 |    146 |      0 |      0 |     19 |   3 |   48.7 |
               +--------+--------+--------+--------+--------+-----+--------+

Top non-repeatable levels by time:
     D:4: 71 daAuts
     D:3: 43 daAuts
     D:5: 31 daAuts
